 Dungeon Crawl Stone Soup version bcrawl-1.13 (webtiles) character file.

Game seed: 4468449680951980456

74 Camlann the Ducker (level 4, -2/38 HPs)
             Began as a Merfolk Archaeologist on July 27, 2019.
             Killed from afar by Sigmund (5 damage)
             ... with a puff of flame
             ... on level 3 of the Dungeon.
             The game lasted 00:02:59 (1710 turns).

Camlann the Ducker (Merfolk Archaeologist)          Turns: 1710, Time: 00:03:00

Health: -2/38      AC:  7    Str:  9 (12) XL:     4   Next: 28%
Magic:  4/4        EV: 14    Int: 15 (18) God:
Gold:   183        SH:  0    Dex:  9 (12) Spells: 3/3 levels left

rFire    . . .     SeeInvis .   h - +0 trident
rCold    . . .     Gourm    .   (no shield)
rNeg     . . .     Faith    .   b - +1 robe
rPois    .         Spirit   .   c - +2 hat
rElec    .         Reflect  .   (no cloak)
rCorr    .         Harm     .   (no gloves)
MR       .....                  d - +1 pair of boots
Stlth    ++........             (no amulet)
HPRegen  0.12/turn              (no ring)
MPRegen  0.09/turn              (no ring)

@: brilliant, flying (expiring), very slightly contaminated, studying Fighting
A: change form in water, swift swim, stealthy swim
a: no special abilities


You were on level 3 of the Dungeon.
You were not hungry.

You visited 1 branch of the dungeon, and saw 3 of its levels.

You collected 183 gold pieces.

Inventory:

Hand Weapons
 h - a +0 trident (weapon)
Armour
 b - a +1 robe (worn)
 c - a +2 hat (worn)
 d - a +1 pair of boots (worn)
Scrolls
 o - a scroll of amnesia
 p - 3 scrolls of enchant armour
 q - a scroll of enchant weapon {unknown}
Potions
 j - a potion of ambrosia
 l - a potion of degeneration
Books
 e - a manual of Fighting
Miscellaneous
 f - an ancient crate
Comestibles
 g - 4 rations {!d}


   Skills:
 + Level 4.4 Fighting
   Level 0.7 Maces & Flails
 - Level 5.4 Dodging
 - Level 3.6 Stealth


You had 3 spell levels left.
You didn't know any spells.
Your spell library was empty.

Dungeon Overview and Level Annotations

Branches:
Dungeon (3/12)

Altars:
Elyvilon
Lugonu
Yredelemnul

Annotations:
D:3 Robin, Sigmund


Message History

The goblin closely misses you. The goblin barely misses you.
The hobgoblin misses you. The goblin barely misses you.
The hobgoblin barely misses you. The goblin closely misses you.
You see here a goblin corpse.
The hobgoblin barely misses you. The dart slug launches a dart at you.
The slug dart hits you! Sigmund casts a spell at you.
The puff of flame hits you!
* * * LOW HITPOINT WARNING * * *
Sigmund gestures at you while chanting. The puff of flame misses you.
Sigmund gestures wildly while chanting.
Sigmund flickers and vanishes!
Deactivating autopickup; reactivate with Ctrl-A.
Items here: ))))) [[[[ ††† You are starting to lose your buoyancy.
A puff of flame appears from out of thin air!
The puff of flame hits you!
You die...

.......ggg†gKg..+.....#
############g####...[.# #.#
#.....###### #w#
#..........##
#.####............
#g.{.†..........). ###
#g).............). #..
#)###.....##...... #.###@#
#.....##...... #...#.#
#.......######
############...#.#
#.....#.######
........(....###.#
#.......@....@
...#...#...#.....#
#.......######
.............#######......##
#
...#...#...#.#............#
#
.........(..<#...###.....##
# ################.# #######
#


You could see a dart slug, a hobgoblin and 2 goblins.

Vanquished Creatures
  3 dart slugs
  2 leopard geckos
  8 orcs (D:3)
  8 bats
  3 giant cockroaches
  5 goblins
  6 hobgoblins
  2 jackals (D:1)
  6 kobolds
  A ball python (D:2)
  8 frilled lizards
  4 rats
56 creatures vanquished.

Notes
Turn   | Place    | Note
-------+----------+-------------------------------------------
     0 | D:1      | Camlann the Merfolk Archaeologist began the quest for the
                  | Orb.
     0 | D:1      | Reached XP level 1. HP: 15/15 MP: 1/1
   122 | D:1      | Reached XP level 2. HP: 21/21 MP: 2/2
   380 | D:1      | Reached skill level 5 in Dodging
   592 | D:1      | Reached XP level 3. HP: 25/26 MP: 3/3
  1163 | D:2      | Found a basalt altar of Yredelemnul.
  1375 | D:2      | Found a white marble altar of Elyvilon.
  1511 | D:3      | Found a corrupted altar of Lugonu.
  1541 | D:3      | Reached XP level 4. HP: 34/37 MP: 4/4
  1655 | D:3      | Noticed Sigmund
  1697 | D:3      | Noticed Robin
  1710 | D:3      | Killed from afar by Sigmund

Skill      XL: |  1  2  3  4 |
---------------+-------------+-----
Dodging        | 5 |  5.4
Fighting       | 3 4 |  4.4
Maces & Flails | |  0.7
Stealth        | |  3.6

Action                   |  1- 3 |  4- 6 || total
-------------------------+-------+-------++-------
Melee: Whip              |   213 |    22 ||   235
       Trident           |       |    22 ||    22
  Use: Potion            |     1 |     6 ||     7
       Scroll            |     3 |     1 ||     4
 Stab: Sleeping          |     9 |       ||     9
       Invisible         |       |     1 ||     1
  Eat: Chunk             |     2 |     1 ||     3
Armor: Robe              |    61 |     7 ||    68
Dodge: Dodged            |   165 |    48 ||   213
